 Dungeon Crawl Stone Soup version 0.31.0-32-g396128a36d (webtiles) character file.

Game seed: 3779347380466551849

165 gohu the Magician (level 5, -1/35 HPs)
             Began as a Djinni Fire Elementalist on Mar 12, 2024.
             Slain by a river rat (8 damage)
             ... in a sewer.
             The game lasted 00:05:52 (2205 turns).

gohu the Magician (Djinni Fire Elementalist)        Turns: 2205, Time: 00:05:53

Health: -1/35      AC:  2    Str:  7    XL:     5   Next: 75%
Gold:   7          EV: 12    Int: 18    God:
                   SH:  0    Dex: 14

rFire   + + .        (no weapon)
rCold   x . .        (no shield)
rNeg    . . .        a - +0 robe
rPois   ∞            (no helmet)
rElec   .            (no cloak)
rCorr   .            (no gloves)
SInv    .            (boots unavailable)
Will    .....        (no amulet)
Stlth   ++           (no ring)
HPRegen 0.25/turn    (no ring)
MPRegen 0.00/turn

%: infuse magic (-2 HP)
@: flying
A: sickness immunity, fire resistance 2, cold vulnerability 1, float, innate
caster, HP casting, extra vitality 1
a: no special abilities


You were in a sewer.
You visited 1 branch of the dungeon, and saw 3 of its levels.
You also visited: Sewer.

You collected 130 gold pieces.
You spent 123 gold pieces at shops.

Inventory:

Missiles
 e - a throwing net
Armour
 a - a +0 robe (worn)
 i - a +0 kite shield
Wands
 n - a wand of mindburst (8)
Scrolls
 b - a scroll of poison
 d - a scroll of brand weapon
 m - a scroll of fog {unknown}
Potions
 c - a potion of might {unknown}
 j - 2 potions of degeneration {unknown}
 l - a potion of invisibility {unknown}


   Skills:
 - Level 2.1 Dodging
 - Level 1.5 Stealth
 + Level 5.1 Spellcasting
 + Level 5.1 Conjurations
 + Level 5.1 Hexes
 + Level 5.1 Summonings
 + Level 5.1 Necromancy
 + Level 5.1 Translocations
 + Level 5.1 Fire Magic
 + Level 5.1 Ice Magic
 + Level 5.1 Air Magic
 + Level 5.1 Earth Magic
 + Level 5.1 Alchemy


You knew the following spells:

 Your Spells              Type           Power      Damage    Failure   Level
a - Foxfire               Conj/Fire      92%        2x1d8     1%          1
b - Scorch                Fire           46%        2d6       2%          2
c - Volatile Blastmotes   Fire/Tloc      46%        2d13      4%          3
d - Inner Flame           Hex/Fire       23%        N/A       4%          3
e - Flame Wave            Conj/Fire      23%        2d8       16%         4
f - Shock                 Conj/Air       92%        1d8       1%          1
g - Mercury Vapours       Alch/Air       46%        N/A       2%          2
Your spell library was empty.

Dungeon Overview and Level Annotations

Branches:
Dungeon (3/15)              Sewer (1/1)

Altars:
Ru

Shops:
D:2 [*=(


Innate Abilities, Weirdness & Mutations

You are immune to sickness and miasma.
You are immune to poison.
Your flesh is very heat resistant. (rF++)
You are vulnerable to cold. (rC-)
You float through the air rather than walking.
You learn spells naturally, not from books.
Your magical power is your life essence.
You have superior vitality. (+4 MHP)


Message History

Found a glowing drain.
There is a glowing drain here.
The world spins around you as you enter the gateway.
You enter a sewer!
Found a gate leading back out of this place.
There is an empty arch of ancient stone here.
Casting: Foxfire (safe; 1% risk of failure)
Confirm with . or Enter, or press ? or * to list all spells.
You conjure some foxfire!
* * * LOW HITPOINT WARNING * * *
The river rat squeaks loudly.
The rat squeaks loudly.
The river rat squeaks loudly.
You hear a loud squeak. x3
A rat comes into view.
You hear a loud squeak. x2
The foxfire hits the rat!
You kill the rat!
Casting: Foxfire (safe; 1% risk of failure)
Confirm with . or Enter, or press ? or * to list all spells.
You conjure some foxfire!
* * * LOW HITPOINT WARNING * * *
The foxfire hits the river rat.
The river rat is moderately wounded.
A river rat comes into view.
The foxfire hits the river rat but does no damage.
The foxfire hits the river rat.
The river rat is moderately wounded.
You feel better. The river rat bites you.
Casting: Foxfire (safe; 1% risk of failure)
Confirm with . or Enter, or press ? or * to list all spells.
Casting: Flame Wave (quite dangerous; 16% risk of failure)
Press: ? - help, Dir - look around, f - activate A wave of flame ripples out!
The flame wave engulfs the river rat but does no damage.
The river rat is moderately wounded. (Press . to intensify the flame waves.)
* * * LOW HITPOINT WARNING * * *
You hear a loud squeak. x2
The river rat is engulfed in a cloud of scalding steam.
The river rat bites you!
You die...

. ~ ~~ ~. .~.#
#.~.
~~.r~#####~§..~
#.~~..∩§~.~.#
#..r@§r~#
#########


You could see 3 river rats.

Vanquished Creatures
  4 gnolls
  3 adders (D:3)
  A ribbon worm (D:2)
  A dart slug (D:3)
  7 orcs (D:3)
  7 ball pythons
  5 endoplasms
  4 giant cockroaches
  11 goblins
  10 hobgoblins
  7 kobolds
  5 quokkas
  6 bats
  5 frilled lizards
  8 rats
  A spectral hobgoblin (D:2)
85 creatures vanquished.

Vanquished Creatures (others)
  197 foxfires
197 creatures vanquished.

Grand Total: 282 creatures vanquished

Notes
Turn   | Place    | Note
-------+----------+-------------------------------------------
     0 | D:1      | gohu the Djinni Fire Elementalist began the quest for the
                  | Orb.
     0 | D:1      | gohu set off with the following spells memorised: Foxfire,
                  | Scorch, Volatile Blastmotes, Inner Flame, Flame Wave.
     0 | D:1      | Reached XP level 1. HP: 15/15 MP: 0/0
   103 | D:1      | Reached XP level 2. HP: 2/21 MP: 0/0
   361 | D:1      | Reached XP level 3. HP: 24/25 MP: 0/0
   361 | D:1      | Learned a level 1 spell: Shock
  1208 | D:2      | Reached XP level 4. HP: 30/31 MP: 0/0
  1317 | D:2      | Found Kapedo's Jewellery Boutique.
  1369 | D:2      | Found Nyoff's Antique Weapon Shop.
  1424 | D:2      | Found a faded altar of an unknown god.
  1571 | D:2      | Found Ycotzae's Armour Boutique.
  1647 | D:2      | Found Qoosahye's Assorted Antiques.
  1655 | D:2      | Bought a scroll labelled ROIDAZ KYTSA for 22 gold pieces
  1655 | D:2      | Bought a coppery potion for 19 gold pieces
  1655 | D:2      | Bought a scroll labelled ROIDAZ KYTSA for 22 gold pieces
  1655 | D:2      | Bought a silvery potion for 19 gold pieces
  1655 | D:2      | Bought a scroll labelled OTESID PABO for 22 gold pieces
  1655 | D:2      | Bought a clear potion for 19 gold pieces
  1880 | D:3      | Reached XP level 5. HP: 29/35 MP: 0/0
  1880 | D:3      | Learned a level 2 spell: Mercury Vapours
  2056 | D:3      | Found a sacrificial altar of Ru.
  2167 | D:3      | Reached skill level 5 in Spellcasting
  2167 | D:3      | Reached skill level 5 in Conjurations
  2167 | D:3      | Reached skill level 5 in Hexes
  2167 | D:3      | Reached skill level 5 in Summonings
  2167 | D:3      | Reached skill level 5 in Necromancy
  2167 | D:3      | Reached skill level 5 in Translocations
  2167 | D:3      | Reached skill level 5 in Fire Magic
  2167 | D:3      | Reached skill level 5 in Ice Magic
  2167 | D:3      | Reached skill level 5 in Air Magic
  2167 | D:3      | Reached skill level 5 in Earth Magic
  2167 | D:3      | Reached skill level 5 in Alchemy
  2190 | D:3      | Found a glowing drain.
  2199 | Sewer    | Entered a sewer
  2205 | Sewer    | Slain by a river rat

Illustrated notes

Levels and vault maps discovered:
D:1:      heliophobic_arrival_dark_side_of_the_moon, layout_basic,
          ebering_dispersal_statue_hall
D:2:      layout_rooms, serial_curves, eino_curves_04, eino_curves_02,
          serial_shops, shop, nicolae_shop_hallway_plus,
          nicolae_shop_advertising_works [nicolae_subvault_shop_adworks], shop,
          dreamdust_ecumenical_altar_drowned_temple
D:3:      layout_loops_ring, mainiacjoe_overflow_small_starburst,
          nicolae_ru_awakened_eye, fedhas_altar_3, portal_sewer_entry_d,
          kennysheep_generic_room_3
Sewer:    sewer_hellmonk_bad_rat

Skill      XL: |  1  2  3  4  5 |
---------------+----------------+-----
Spellcasting   | 4 5 |  5.1
Conjurations   | 4 5 |  5.1
Hexes          | 4 5 |  5.1
Summonings     | 4 5 |  5.1
Necromancy     | 4 5 |  5.1
Translocations | 4 5 |  5.1
Fire Magic     | 4 5 |  5.1
Ice Magic      | 4 5 |  5.1
Air Magic      | 4 5 |  5.1
Earth Magic    | 4 5 |  5.1
Alchemy        | 4 5 |  5.1
Dodging        | |  2.1
Stealth        | |  1.5

Action                     |  1- 3 |  4- 6 || total
---------------------------+-------+-------++-------
   Cast: Foxfire           |    53 |    63 ||   116
         Scorch            |     7 |    18 ||    25
         Volatile Blastmot |       |     5 ||     5
         Flame Wave        |       |     2 ||     2
    Use: Scroll            |       |     5 ||     5
         Potion            |       |     2 ||     2
 Armour: Robe              |     3 |    14 ||    17
  Dodge: Dodged            |     4 |    20 ||    24
